 Dungeon Crawl Stone Soup version 0.30.0-3-ga4e48a9924 (webtiles) character file.

Game seed: 7181576229237990749

21390 jimonade the Brawler (level 12, -8/111 HPs)
             Began as a Troll Monk on May 7, 2023.
             Was a High Priest of Wu Jian.
             Mangled by an eight-headed hydra (11 damage)
             ... on level 2 of the Lair of Beasts.
             The game lasted 00:24:12 (11281 turns).

jimonade the Brawler (Troll Monk)                  Turns: 11281, Time: 00:24:12

Health: -8/111     AC:  7    Str: 24    XL:     12   Next: 53%
Magic:  11/11      EV: 19    Int:  6    God:    Wu Jian [*****.]
Gold:   700        SH:  0    Dex: 14    Spells: 11/11 levels left

rFire   . . .        f - +2 flail (drain)
rCold   . . .        c - orb {light}
rNeg    . . .        X - +0 steam dragon scales
rPois   +            (helmet restricted)
rElec   .            (no cloak)
rCorr   .            (gloves unavailable)
SInv    .            (boots unavailable)
Will    .....        L - amulet of faith
Stlth   +            q - +5 ring of evasion
HPRegen 1.18/turn    K - ring of poison resistance
MPRegen 0.12/turn

%: faith
@: exhausted, glowing, studying Dodging
A: large, unfitting armour, claws 3, regeneration 1, shaggy fur 1, tough skin 1
a: Renounce Religion, Wall Jump, Serpent's Lash, Heavenly Storm


You were on level 2 of the Lair of Beasts.
You worshipped Wu Jian.
Wu Jian was extremely pleased with you.
You visited 3 branches of the dungeon, and saw 13 of its levels.

You collected 700 gold pieces.

Inventory:

Hand Weapons
 a - a +0 dire flail
 f - a +2 flail of draining (weapon)
 v - a +0 giant spiked club
 y - a +0 sling
 D - a +0 giant spiked club
 Y - a +2 heavy morningstar
Missiles
 s - 9 curare-tipped darts (quivered)
 t - 148 stones
 w - 53 poisoned darts
 C - 22 boomerangs
 H - 3 throwing nets
 O - 5 javelins
Armour
 c - an orb of light (worn)
 N - a +0 robe of cold resistance
 X - +0 steam dragon scales (worn)
Jewellery
 k - an amulet of reflection
 o - a ring of fire
 p - a ring of fire
 q - a +5 ring of evasion (left claw)
 x - an amulet of the acrobat
 K - a ring of poison resistance (right claw)
 L - an amulet of faith (around neck)
Wands
 F - a wand of charming (10)
Scrolls
 d - a scroll of acquirement {unknown}
 e - 3 scrolls of blinking
 g - 7 scrolls of teleportation
 h - 2 scrolls of silence
 i - 2 scrolls of enchant armour {unknown}
 l - 2 scrolls of enchant weapon {unknown}
 z - 2 scrolls of poison {unknown}
 G - 2 scrolls of identify
 I - 2 scrolls of immolation {unknown}
 Q - a scroll of butterflies {unknown}
 S - 2 scrolls of magic mapping {unknown}
 T - a scroll of fear {unknown}
 U - 3 scrolls of vulnerability {unknown}
Potions
 b - 8 potions of ambrosia
 j - a potion of berserk rage {unknown}
 m - 2 potions of mutation {unknown}
 n - 4 potions of attraction
 r - 2 potions of brilliance {unknown}
 u - 6 potions of curing
 A - 3 potions of lignification {unknown}
 B - 2 potions of magic {unknown}
 E - 4 potions of haste {unknown}
 M - 2 potions of heal wounds {unknown}
 R - a potion of invisibility {unknown}
 W - a potion of flight {unknown}
Miscellaneous
 J - a box of beasts


   Skills:
 + Level 5.3 Fighting
 + Level 0.2 Maces & Flails
 + Level 10.5 Dodging
 - Level 1.7 Stealth
 * Level 4.6 Shields
 + Level 17.0 Unarmed Combat


You had 11 spell levels left.
You didn't know any spells.
Your spell library contained the following spells:

 Spells                   Type           Power      Damage    Failure   Level
 Sting                    Tmut/Pois      0%         1d3       45%         1
 Ensorcelled Hibernation  Hex/Ice        0%         N/A       58%         2
 Lesser Beckoning         Tloc           0%         N/A       58%         2
 Passwall                 Tmut/Erth      0%         N/A       58%         2
 Poisonous Vapours        Pois/Air       0%         N/A       58%         2
 Sublimation of Blood     Necr           0%         N/A       58%         2
 Wereblood                Tmut           0%         N/A       58%         2
 Call Canine Familiar     Summ           0%         N/A       83%         3
 Gell's Gravitas          Tloc           0%         N/A       83%         3
 Hailstorm                Conj/Ice       0%         3d3       83%         3
 Inner Flame              Hex/Fire       0%         N/A       83%         3
 Ozocubu's Armour         Ice            0%         N/A       83%         3
 Portal Projectile        Hex/Tloc       0%         N/A       83%         3
 Swiftness                Air            0%         N/A       83%         3
 Teleport Other           Tloc           0%         N/A       83%         3
 Ice Form                 Ice/Tmut       0%         N/A       99%         4
 Leda's Liquefaction      Hex/Erth       0%         N/A       99%         4
 Olgreb's Toxic Radiance  Pois           0%         N/A       99%         4
 Petrify                  Tmut/Erth      0%         N/A       99%         4
 Metabolic Englaciation   Hex/Ice        0%         N/A       100%        5
 Summon Forest            Summ/Tloc      0%         N/A       100%        5
 Yara's Violent Unravell  Hex/Tmut       0%         3d3       100%        5
 Eringya's Noxious Bog    Tmut/Pois      0%         N/A       100%        6
 Simulacrum               Ice/Necr       0%         N/A       100%        6
 Statue Form              Tmut/Erth      0%         N/A       100%        6
 Enfeeble                 Hex            0%         N/A       100%        7
 Summon Hydra             Summ           0%         N/A       100%        7


Dungeon Overview and Level Annotations

Branches:
Dungeon (10/15)            Temple (1/1) D:6            Lair (2/5) D:10
    Orc (0/2) D:9
  Swamp: Lair:2-3    Shoals: Lair:2-3     Snake: Lair:2-3    Spider: Lair:2-3

Altars:
Ashenzari
Cheibriados
Dithmenos
Elyvilon
Fedhas
Gozag
Hepliaklqana
Kikubaaqudgha
Makhleb
Nemelex Xobeh
Okawaru
Qazlal
Ru
Sif Muna
Trog
Uskayaw
Vehumet
Wu Jian
Xom
Yredelemnul
Zin
The Shining One

Shops:
D:1 ?   D:7 [


Innate Abilities, Weirdness & Mutations

You are too large for most types of armour.
You have claws for hands.
Your natural rate of healing is unusually fast.
You are covered in fur. (AC +1)
You have tough skin. (AC +1)


Message History

The eight-headed hydra is moderately wounded.
You see here a bullfrog corpse.
You spin and attack the eight-headed hydra, with incredible momentum.
You sock the eight-headed hydra! You drain the eight-headed hydra.
The eight-headed hydra is heavily wounded.
Your supernatural speed expires.
You sock the eight-headed hydra!
The eight-headed hydra is severely wounded.
The eight-headed hydra bites you! x2
The eight-headed hydra completely misses you. x2
The eight-headed hydra bites you. The eight-headed hydra misses you.
The eight-headed hydra bites you!
* * * LOW HITPOINT WARNING * * *
The eight-headed hydra barely misses you.
You sock the eight-headed hydra!
The eight-headed hydra is almost dead.
The eight-headed hydra closely misses you.
The eight-headed hydra bites you!
* * * LOW HITPOINT WARNING * * *
The eight-headed hydra misses you.
The eight-headed hydra closely misses you. x2
The eight-headed hydra bites you.
* * * LOW HITPOINT WARNING * * *
The eight-headed hydra bites you!
* * * LOW HITPOINT WARNING * * *
The eight-headed hydra completely misses you.
The eight-headed hydra misses you.
The eight-headed hydra closely misses you.
The eight-headed hydra bites you but does no damage.
The eight-headed hydra misses you.
The eight-headed hydra completely misses you.
The eight-headed hydra misses you. The eight-headed hydra bites you.
* * * LOW HITPOINT WARNING * * *
The eight-headed hydra closely misses you.
You hit the eight-headed hydra but do no damage.
The eight-headed hydra is almost dead.
The eight-headed hydra bites you!
* * * LOW HITPOINT WARNING * * *
The eight-headed hydra bites you!
You die...

#....#...###. ..P.#####......#...
#....#............. .
###...#^..#.###.#..#. ...
##............#.###...
#..###...P....#...P..###...
............#.P......##.#..
...................#####..
#.....@.........##...#.
##..†°D.##...#.###.....
##..°#.###.....#.#....
####.P.................
##......#...#.P........)
##.....#.#............... #####
###........................
#...###P#.....##...............##
.#...#......#.....†####..###..##


You could see an eight-headed hydra (drained).

Vanquished Creatures
  A hydra (Lair:1)
  A boulder beetle (Lair:2)
  3 two-headed ogres
  A skyshark (Lair:2)
  The ghost of zlionsfan the Cleaver, a novice AtWn of Nemelex Xobeh (D:7)
  A bog body (Lair:2)
  A black mamba (Lair:2)
  A cane toad (Lair:2)
  3 kobold demonologists (D:10)
  4 komodo dragons
  A tengu conjurer (D:10)
  A queen bee (Lair:1)
  A troll (D:9)
  A hornet (D:9)
  3 blink frogs (Lair:1)
  A shadow (D:9)
  2 wyverns
  A vampire (D:7)
  3 wraiths (D:9)
  A basilisk (Lair:1)
  28 yaks
  3 steam dragons (D:9)
  Edmund (D:6)
  2 swamp worms (Lair:2)
  5 water moccasins
  Duvessa (D:6)
  5 orc warriors
  3 black bears
  10 wolves
  2 ogres
  A phantom (D:6)
  2 centaurs
  3 kobold brigands
  5 gnoll sergeants
  12 bullfrogs
  8 scorpions
  Dowan (D:6)
  35 killer bees
  6 howler monkeys
  4 hounds
  6 jellies
  3 orc priests
  A gnoll bouda (D:8)
  5 iguanas
  8 orc wizards
  14 gnolls
  7 adders
  3 ufetubi
  5 worms
  4 dart slugs
  24 orcs
  3 endoplasms
  2 giant cockroaches
  11 goblins
  4 hobgoblins
  10 jackals
  3 quokkas
  7 ball pythons (D:1)
  10 bats
  3 frilled lizards
  17 kobolds
  3 rats
322 creatures vanquished.

Vanquished Creatures (others)
  7 fungi
  9 plants
16 creatures vanquished.

Grand Total: 338 creatures vanquished

Notes
Turn   | Place    | Note
-------+----------+-------------------------------------------
     0 | D:1      | jimonade the Troll Monk began the quest for the Orb.
     0 | D:1      | Reached XP level 1. HP: 22/22 MP: 0/0
   130 | D:1      | Reached XP level 2. HP: 29/29 MP: 1/1
   410 | D:1      | Found The Oracle's Delphic Readings.
   586 | D:2      | Reached XP level 3. HP: 33/36 MP: 2/2
   956 | D:2      | Reached skill level 4 in Unarmed Combat
  1189 | D:2      | Reached XP level 4. HP: 43/44 MP: 3/3
  1751 | D:3      | Reached XP level 5. HP: 53/53 MP: 4/4
  1937 | D:3      | Found a basalt altar of Yredelemnul.
  1937 | D:3      | Found a glowing silver altar of Zin.
  2427 | D:4      | Noticed an ogre
  2439 | D:4      | Killed an ogre
  2440 | D:4      | Reached skill level 5 in Unarmed Combat
  2470 | D:4      | Reached XP level 6. HP: 61/61 MP: 5/5
  3330 | D:5      | Entered Level 5 of the Dungeon
  3350 | D:5      | Reached skill level 6 in Unarmed Combat
  3673 | D:5      | Reached XP level 7. HP: 67/67 MP: 6/6
  3818 | D:5      | Reached skill level 7 in Unarmed Combat
  3858 | D:5      | Reached skill level 1 in Stealth
  3999 | D:5      | Found a bloodstained altar of Trog.
  4226 | D:6      | Noticed Edmund
  4227 | D:6      | Noticed Duvessa
  4227 | D:6      | Noticed Dowan
  4370 | D:6      | Killed Duvessa
  4376 | D:6      | Killed Dowan
  4377 | D:6      | Reached skill level 8 in Unarmed Combat
  4377 | D:6      | Reached XP level 8. HP: 76/76 MP: 7/7
  4395 | D:6      | Killed Edmund
  4629 | D:6      | Found a staircase to the Ecumenical Temple.
  4638 | Temple   | Entered the Ecumenical Temple
  4736 | Temple   | Became a worshipper of the Wu Jian Council
  4736 | Temple   | Reached * piety under Wu Jian
  4736 | Temple   | Reached ** piety under Wu Jian
  4923 | D:6      | Noticed a two-headed ogre
  4924 | D:6      | Reached skill level 9 in Unarmed Combat
  4932 | D:6      | Killed a two-headed ogre
  4933 | D:6      | Reached skill level 10 in Unarmed Combat
  4933 | D:6      | Reached XP level 9. HP: 58/84 MP: 8/8
  5242 | D:6      | Reached skill level 5 in Dodging
  5381 | D:7      | Found a runed translucent door.
  5381 | D:7      | Noticed zlionsfan's ghost (novice AtWn)
  5419 | D:7      | Reached skill level 11 in Unarmed Combat
  5668 | D:7      | Found Oclion's Antique Armour Shoppe.
  5926 | D:7      | Killed zlionsfan's ghost
  5927 | D:7      | Reached skill level 12 in Unarmed Combat
  5982 | D:8      | Found a radiant altar of Vehumet.
  6033 | D:8      | Reached *** piety under Wu Jian
  6316 | D:8      | Reached XP level 10. HP: 92/92 MP: 9/9
  6845 | D:8      | Found a shimmering altar of Xom.
  7099 | D:9      | Noticed a two-headed ogre
  7106 | D:8      | Killed a two-headed ogre
  7107 | D:8      | Reached skill level 13 in Unarmed Combat
  7226 | D:9      | Noticed a two-headed ogre
  7233 | D:9      | Killed a two-headed ogre
  7371 | D:9      | Reached **** piety under Wu Jian
  7429 | D:9      | Reached skill level 14 in Unarmed Combat
  7578 | D:9      | Reached XP level 11. HP: 66/101 MP: 10/10
  7764 | D:9      | Found a staircase to the Orcish Mines.
  8316 | D:10     | Entered Level 10 of the Dungeon
  8326 | D:10     | Reached skill level 15 in Unarmed Combat
  8337 | D:10     | Reached ***** piety under Wu Jian
  8355 | D:10     | Found a staircase to the Lair.
  8428 | D:10     | Reached skill level 1 in Shields
  8629 | D:10     | Reached skill level 5 in Fighting
  9043 | Lair:1   | Entered Level 1 of the Lair of Beasts
  9353 | Lair:1   | Reached skill level 16 in Unarmed Combat
 10326 | Lair:2   | Reached XP level 12. HP: 82/111 MP: 11/11
 10713 | Lair:2   | Noticed a boulder beetle
 10724 | Lair:2   | Killed a boulder beetle
 10766 | Lair:2   | Reached skill level 10 in Dodging
 11103 | Lair:2   | Reached skill level 17 in Unarmed Combat
 11183 | Lair:2   | Noticed a six-headed hydra
 11192 | Lair:2   | Noticed an eight-headed hydra
 11200 | Lair:1   | Killed a six-headed hydra
 11281 | Lair:2   | HP: 3/111 [eight-headed hydra (11)]
 11281 | Lair:2   | Mangled by an eight-headed hydra

Illustrated notes

Levels and vault maps discovered:
D:1:      minmay_arrival_stone_box, layout_basic, nicolae_nh_oracle_at_delphi
D:2:      layout_loops_ring, nicolae_hexahallways
D:3:      layout_loops_cross, gammafunk_temple_overflow_wave, nicolae_wormholes
D:4:      layout_loops_corners
D:5:      layout_gridville, trog_hazing_becter
D:6:      layout_rooms, minmay_temple_entry_sparse_star, moated_statue,
          minmay_manual_mess, uniq_edmund, uniq_duvessa
D:7:      layout_basic, serial_shops, shop, hellmonk_ghost_happy_afterlife
D:8:      layout_layer_cave, lemuel_coloured_pillars_altar,
          nicolae_overflow_hidden_temple, dreamdust_wishing_well
D:9:      layout_stronghold, orc_0_dummy, onia_ninara_cookie
D:10:     layout_roguey, grunt_lair_entry_orc_guard_hut
Temple:   minmay_temple_bridge_d
Lair:1:   layout_layer_cave
Lair:2:   layout_misc_corridors, nicolae_swamp_entry_splash_gauntlet,
          special_room [special_room_bee], nzn_sisyphean_effort,
          serial_bayou_shore_b, grunt_megastairs_2

Skill      XL: |  1  2  3  4  5  6  7  8  9 10 11 12 |
---------------+-------------------------------------+-----
Unarmed Combat | 4 5 6 8 10 12 14 16 17 | 17.0
Dodging        | 3 4 6 8 9 10 | 10.5
Fighting       | 3 4 5 |  5.3
Stealth        | 1 |  1.7
Shields        | 3 4 |  4.6
Maces & Flails | |  0.2

Action                     |  1- 3 |  4- 6 |  7- 9 | 10-12 || total
---------------------------+-------+-------+-------+-------++-------
  Melee: Unarmed           |    76 |   107 |   216 |   541 ||   940
         Flail             |       |       |       |    15 ||    15
 Invoke: Serpent's Lash    |       |       |       |     6 ||     6
Ability: Whirlwind         |       |       |    81 |   314 ||   395
         Lunge             |       |       |    12 |    35 ||    47
    Use: Scroll            |       |       |     6 |     1 ||     7
 Armour: Robe              |    17 |    27 |    33 |    11 ||    88
         Steam dragon scal |       |       |       |    52 ||    52
  Dodge: Dodged            |    28 |    45 |   181 |   453 ||   707
